 Dungeon Crawl Stone Soup version 0.30.0-19-g36f170ea60 (webtiles) character file.

Game seed: 637672067430250191

7 cdecastro the Vexing (level 1, -1/10 HPs)
             Began as a Vampire Enchanter on May 26, 2023.
             Slain by a hobgoblin (3 damage)
             ... on level 1 of the Dungeon.
             The game lasted 00:00:36 (209 turns).

cdecastro the Vexing (Vampire Enchanter)             Turns: 209, Time: 00:00:37

Health: -1/10      AC:  2    Str:  7    XL:     1   Next: 91%
Magic:  3/3        EV: 12    Int: 17    God:
Gold:   20         SH:  0    Dex: 14    Spells: 4/4 levels left

rFire   . . .        e - +0 dagger (speed)
rCold   + + .        (no shield)
rNeg    + + +        b - +0 robe
rPois   ∞            (no helmet)
rElec   .            (no cloak)
rCorr   .            (no gloves)
SInv    +            (no boots)
Will    .....        (no amulet)
Stlth   +++++        (no ring)
HPRegen 0.00/turn    (no ring)
MPRegen 0.08/turn

%: no passive effects
@: bloodless, inhibited regen
A: bloodless, fangs 3, see invisible, vampiric 1
a: Revivify


You were on level 1 of the Dungeon.
You visited 1 branch of the dungeon, and saw 1 of its levels.

You collected 20 gold pieces.

Inventory:

Hand Weapons
 a - a +1 dagger
 e - a +0 dagger of speed (weapon)
Armour
 b - a +0 robe (worn)
Scrolls
 d - a scroll of identify {unknown}
 f - a scroll of torment {unknown}
Potions
 c - 2 potions of invisibility


   Skills:
 - Level 1.1 Short Blades
 - Level 2.1 Dodging
 + Level 4.7 Stealth
 - Level 2.0 Spellcasting
 * Level 5.0 Hexes


You had 4 spell levels left.
You didn't know any spells.
Your spell library contained the following spells:

 Spells                   Type           Power      Damage    Failure   Level
 Confusing Touch          Hex            18%        N/A       8%          3
 Tukima's Dance           Hex            18%        N/A       8%          3
 Ensorcelled Hibernation  Hex/Ice        20%        N/A       11%         2
 Dazzling Flash           Conj/Hex       20%        N/A       21%         3


Dungeon Overview and Level Annotations

Branches:
Dungeon (1/15)

Altars:


Innate Abilities, Weirdness & Mutations

You do not regenerate when monsters are visible.
You are frail without blood (-20% HP).
You can heal yourself when you bite living creatures.
You are immune to poison.
You have razor-sharp teeth.
You have supernaturally acute eyesight. (SInv)
You are afflicted with vampirism.


Message History

You see here a jackal corpse.
A bat comes into view.
Found a scroll labelled NYCESI QIYN.
A bat is nearby!
A bat is nearby!
A bat is nearby!
Found 4 gold pieces.
The helpless bat fails to defend itself.
You bite the bat, and draw its blood! You impale the bat!!
You kill the bat!
No target in view!
f - a scroll labelled NYCESI QIYN A hobgoblin comes into view.
A hobgoblin is nearby!
A hobgoblin is nearby!
You see here 4 gold pieces.
The helpless hobgoblin fails to defend itself.
You bite the hobgoblin, and draw its blood!
You puncture the hobgoblin!
You kill the hobgoblin!
Your Hexes skill increases to level 5!
No target in view!
You now have 20 gold pieces (gained 4).
Found a stone staircase leading down.
A goblin comes into view. It is wielding a +0 dagger.
A sourceless malevolence fills the Dungeon... and a teleportation trap spontaneously manifests!
You are yanked towards a nearby monster!
Your surroundings suddenly seem different.
A hobgoblin comes into view.
Found 22 gold pieces.
The goblin moves out of view.
Found 4 stones.
The hobgoblin hits you.
Ouch! That really hurt!
* * * LOW HITPOINT WARNING * * *
You are too injured to fight recklessly!
You are too injured to fight recklessly!
The hobgoblin attacks as you move away! The hobgoblin hits you.
* * * LOW HITPOINT WARNING * * *
You see here 16 gold pieces.
The hobgoblin attacks as you move away! The hobgoblin hits you.
You die...

# #. .### ..#
#.# #@#
#g######.#
#.####.......$##
#...............
#...............
#.............##
##............#
####.........#
#..######..#


You could see a hobgoblin.

Vanquished Creatures
  A bat (D:1)
  A goblin (D:1)
  A hobgoblin (D:1)
  2 jackals (D:1)
  A kobold (D:1)
6 creatures vanquished.

Notes
Turn   | Place    | Note
-------+----------+-------------------------------------------
     0 | D:1      | cdecastro the Vampire Enchanter began the quest for the
                  | Orb.
     0 | D:1      | Reached XP level 1. HP: 13/13 MP: 3/3
   171 | D:1      | Reached skill level 5 in Hexes
   209 | D:1      | Slain by a hobgoblin

Illustrated notes

Levels and vault maps discovered:
D:1:      minmay_arrival_pointy, layout_basic, chequers_serial_rivers_room_b,
          dk_noncrumbling_2, hangedman_decor_growths

Skill      XL: |  1 |
---------------+----+-----
Hexes          | 5 |  5.0
Short Blades   | |  1.1
Dodging        | |  2.1
Stealth        | |  4.7
Spellcasting   | |  2.0

Action                     || total
---------------------------++-------
  Melee: Dagger            ||     8
Ability: Exsanguinate      ||     1
   Stab: Sleeping          ||     5
 Armour: Robe              ||     1
  Dodge: Dodged            ||     2
